 Dungeon Crawl Stone Soup version 0.26.1-11-gd32895ea62 (webtiles) character file.

Game seed: 15343346045372564305

219 Bergy the Cudgeller (level 5, -2/32 HPs)
             Began as a Gargoyle Fighter on July 14, 2021.
             Killed by divine providence
             ... invoked by an orc priest
              (14 damage)
             ... on level 4 of the Dungeon on July 15, 2021.
             The game lasted 00:08:09 (3116 turns).

Bergy the Cudgeller (Gargoyle Fighter)              Turns: 3116, Time: 00:08:09

Health: -2/32      AC: 10    Str: 21    XL:     5   Next: 96%
Magic:  5/5        EV:  7    Int:  8    God:
Gold:   240        SH:  9    Dex:  9    Spells: 4/4 levels left

rFire    . . .     SeeInvis .   r - +1 whip (drain)
rCold    . . .     Faith    .   c - +0 kite shield
rNeg     + . .     Spirit   .   b - +0 scale mail
rPois    ∞         Reflect  .   (no helmet)
rElec    +         Harm     .   (no cloak)
rCorr    .         Rampage  .   (no gloves)
Will     .....                  (no boots)
Stlth    ..........             (no amulet)
HPRegen  0.10/turn              (no ring)
MPRegen  0.09/turn              (no ring)

@: no status effects
A: negative energy resistance 1, electricity resistance, unbreathing,
petrification resistance, miasma immunity, AC +4
a: no special abilities


You were on level 4 of the Dungeon.
You visited 1 branch of the dungeon, and saw 4 of its levels.

You collected 240 gold pieces.

Inventory:

Hand Weapons
 r - a +1 whip of draining (weapon)
 y - a cursed -3 flail
Armour
 b - a +0 scale mail (worn)
 c - a +0 kite shield (worn)
Jewellery
 f - an uncursed ring of magical power {unknown}
 m - a cursed -4 ring of dexterity {unknown}
 t - a +4 ring of protection {unknown}
 u - a cursed -4 ring of intelligence {unknown}
 v - an uncursed ring of flight {unknown}
Wands
 x - a wand of flame (12)
Scrolls
 a - 2 scrolls of enchant weapon {unknown}
 e - a scroll of random uselessness {unknown}
 j - 4 scrolls of remove curse {unknown}
 l - 5 scrolls of teleportation {unknown}
 o - 5 scrolls of identify {unknown}
 q - 2 scrolls of fog {unknown}
 w - a scroll of amnesia {unknown}
Potions
 d - a potion of might
 g - 4 potions of curing {unknown}
 h - a potion of resistance {unknown}
 i - 2 potions of invisibility {unknown}
 k - a potion of haste {unknown}
 n - a potion of brilliance {unknown}
 p - a potion of lignification {unknown}
 s - 2 potions of degeneration {unknown}
 z - a potion of heal wounds {unknown}


   Skills:
 - Level 3.2 Fighting
 * Level 6.0 Maces & Flails
 - Level 3.2 Armour
 - Level 3.2 Shields


You had 4 spell levels left.
You didn't know any spells.
Your spell library was empty.

Dungeon Overview and Level Annotations

Branches:
Dungeon (4/15)
 Temple: D:4-7

Altars:


Innate Abilities, Weirdness & Mutations

You are resistant to torment.
Your stone body is resilient. (AC +4)
You are immune to poison.
You resist negative energy. (rN+)
You are resistant to electric shocks. (rElec)
You can survive without breathing.
You are immune to petrification.
You are immune to miasma.


Message History

You completely miss the orc wizard. You block the orc wizard's attack.
The orc priest mumbles some strange prayers to Beogh against you.
Beogh smites you!
You hit the orc wizard. You drain the orc wizard.
The orc wizard is heavily wounded.
The orc wizard hits you but does no damage.
You hit the orc wizard.
The orc wizard is severely wounded.
The orc wizard gestures wildly while chanting.
The orc wizard blinks!
The orc priest invokes the aid of Beogh against you.
Beogh smites you! You block the orc wizard's attack.
You hit the orc wizard but do no damage.
The orc wizard hits you but does no damage.
You block the orc wizard's attack.
You hit the orc wizard.
The orc wizard is moderately wounded.
The orc priest mumbles some strange prayers to Beogh against you.
Beogh smites you!
You die...

..........#.....# ...
.......>..#.....# .o.#
..........#.....# oo..#
..........#.....#o....#
#####...###.....'.....#
#........#o##.....#
#....###.#.# ###.#
#....# #.#o##### #....#
#.#oo@o.# #....#
#.#####.# ##..## #.#
..# #..# #.# .### ...#
#.. .. #####


You could see 2 orc priests and 2 orc wizards.

Vanquished Creatures
  An iguana (D:4)
  A worker ant (D:4)
  A hound skeleton (D:4)
  3 gnolls (D:3)
  A howler monkey skeleton (D:4)
  4 adders
  2 oozes
  2 worms (D:3)
  2 dart slugs
  3 leopard geckos
  4 giant cockroaches
  6 goblins
  7 hobgoblins
  2 jackals (D:1)
  A quokka (D:4)
  2 ball pythons (D:1)
  9 bats
  5 frilled lizards
  6 kobolds
  7 rats
69 creatures vanquished.

Notes
Turn   | Place    | Note
-------+----------+-------------------------------------------
     0 | D:1      | Bergy the Gargoyle Fighter began the quest for the Orb.
     0 | D:1      | Reached XP level 1. HP: 14/14 MP: 1/1
   485 | D:1      | Reached XP level 2. HP: 13/19 MP: 2/2
   501 | D:1      | Reached skill level 3 in Maces & Flails
  1125 | D:2      | Reached XP level 3. HP: 23/23 MP: 3/3
  1428 | D:2      | Reached skill level 4 in Maces & Flails
  1750 | D:3      | Reached XP level 4. HP: 27/28 MP: 4/4
  2685 | D:4      | Reached skill level 5 in Maces & Flails
  2685 | D:4      | Reached XP level 5. HP: 31/32 MP: 5/5
  3041 | D:4      | Reached skill level 6 in Maces & Flails
  3116 | D:4      | Killed from afar by an orc priest

Illustrated notes

Levels and vault maps discovered:
D:1:      onia_arrival_handbag, layout_basic
D:2:      layout_rooms, nicolae_overflow_hidden_temple
D:3:      layout_loops_ring
D:4:      wander_river, layout_basic, palyth_stone_intersect

Skill      XL: |  1  2  3  4  5 |
---------------+----------------+-----
Maces & Flails | 3 4 5 6 |  6.0
Fighting       | |  3.2
Armour         | |  3.2
Shields        | |  3.2

Action                   |  1- 3 |  4- 6 || total
-------------------------+-------+-------++-------
Melee: Flail             |   144 |       ||   144
       Whip              |    13 |   124 ||   137
Armor: Scale mail        |   105 |    46 ||   151
Dodge: Dodged            |    65 |    22 ||    87
Block: Kite shield       |    80 |    50 ||   130
